 Dungeon Crawl Stone Soup version 0.28-a0-1629-gf728b707aa (webtiles) character file.

Game seed: 9813880272624529205

154 HallandMoats the Skirmisher (level 5, -2/46 HPs)
             Began as a Ghoul Fighter on Jan 24, 2022.
             Slain by an ice beast (6 damage)
             ... on level 4 of the Dungeon.
             The game lasted 00:03:39 (2425 turns).

HallandMoats the Skirmisher (Ghoul Fighter)         Turns: 2425, Time: 00:03:40

Health: -2/46      AC:  8    Str: 20    XL:     5   Next: 36%
Magic:  4/4        EV:  9    Int:  5    God:
Gold:   74         SH:  5    Dex:  8    Spells: 4/4 levels left

rFire   . . .      SeeInvis .   a - +0 trident
rCold   + . .      Faith    .   c - +1 buckler
rNeg    + + +      Spirit   .   b - +0 scale mail
rPois   ∞          Reflect  .   (no helmet)
rElec   .          Harm     .   (no cloak)
rCorr   .          Rampage  .   (no gloves)
Will    .....                   l - +0 pair of boots
Stlth   ..........              (no amulet)
HPRegen 0.00/turn               (no ring)
MPRegen 0.09/turn               (no ring)

@: mighty, inhibited regen
A: claws 1, cold resistance 1, negative energy resistance 3, inhibited
regeneration, torment resistance 2
a: no special abilities


You were on level 4 of the Dungeon.
You visited 1 branch of the dungeon, and saw 4 of its levels.

You collected 74 gold pieces.

Inventory:

Hand Weapons
 a - a +0 trident (weapon)
 e - a +0 morningstar
Armour
 b - a +0 scale mail (worn)
 c - a +1 buckler (worn)
 l - a +0 pair of boots (worn)
Scrolls
 i - a scroll of magic mapping
 j - a scroll of enchant armour
Potions
 f - a potion of resistance {unknown}
 h - a potion of curing
 k - a potion of magic {unknown}


   Skills:
 + Level 4.0 Fighting
 * Level 3.1 Polearms
 + Level 3.2 Armour
 + Level 1.4 Dodging
 + Level 3.2 Shields


You had 4 spell levels left.
You didn't know any spells.
Your spell library was empty.

Dungeon Overview and Level Annotations

Branches:
Dungeon (5/15)
 Temple: D:4-7

Altars:

Shops:
D:1 *


Innate Abilities, Weirdness & Mutations

You thrive by killing the living.
You are immune to poison.
You have sharp fingernails.
Your flesh is cold resistant. (rC+)
You are immune to negative energy. (rN+++)
You do not regenerate when monsters are visible.
You are immune to unholy pain and torment.


Message History

An ice beast comes into view.
There is a stone staircase leading up here.
The ogre closely misses you.
The ice beast hits you but does no damage.
You climb upwards.
The gnoll barely misses you.
There is a stone staircase leading down here.
The ogre hits you with a +0 giant club! You block the gnoll's attack.
The ice beast barely misses you.
The ice beast hits you but does no damage.
The ogre hits you with a +0 giant club!
* * * LOW HITPOINT WARNING * * *
The ice beast barely misses you. The gnoll completely misses you.
The gnoll hits you from afar with a +0 spear.
* * * LOW HITPOINT WARNING * * *
The ice beast hits you but does no damage.
The gnoll hits you from afar with a +0 spear.
* * * LOW HITPOINT WARNING * * *
You block the ice beast's attack. The gnoll hits you but does no damage.
A hound comes into view.
The hound barks!
It was a potion of curing.
You feel better. The hound bites you.
* * * LOW HITPOINT WARNING * * *
The ice beast hits you but does no damage.
The hound bites you but does no damage.
You feel very mighty all of a sudden. The hound closely misses you.
You block the ice beast's attack.
You closely miss the hound. The hound barely misses you.
The ice beast hits you but does no damage.
The hound bites you but does no damage.
You miss the hound. You block the hound's attack. The gnoll barely misses you.
The ice beast barely misses you. The hound bites you but does no damage.
You barely miss the hound. The hound bites you but does no damage.
The gnoll hits you from afar with a +0 spear.
* * * LOW HITPOINT WARNING * * *
The ice beast hits you.
* * * LOW HITPOINT WARNING * * *
The ice beast freezes you. You resist.
You die...

## # .. #. #. #.##### #.
#.#gg# ### #.##Y#.# #.#
#h@##g# #.##########..#
###.##.....###.## ######
##.........g..g.# #....#
#....##.....g#### #.)..#
#......#####.############....#
#.....$.......................
#......#####.############....#
##...>..............!.........


You could see an ice beast, a hound and 2 gnolls.

Vanquished Creatures
  A centaur zombie (D:4)
  An orc wizard (D:4)
  A gnoll (D:1)
  2 adders
  2 worms
  A dart slug (D:1)
  3 orcs (D:4)
  3 endoplasms
  3 giant cockroaches (D:1)
  4 goblins
  7 hobgoblins
  4 jackals (D:1)
  4 quokkas
  7 ball pythons
  3 bats
  2 frilled lizards
  5 kobolds
  4 rats
57 creatures vanquished.

Notes
Turn   | Place    | Note
-------+----------+-------------------------------------------
     0 | D:1      | HallandMoats the Ghoul Fighter began the quest for the Orb.
     0 | D:1      | Reached XP level 1. HP: 19/19 MP: 0/0
   296 | D:1      | Reached XP level 2. HP: 24/26 MP: 1/1
   495 | D:1      | Reached XP level 3. HP: 8/31 MP: 2/2
  1093 | D:1      | Found Gili's Assorted Antiques.
  1337 | D:1      | Reached skill level 1 in Dodging
  1543 | D:2      | Reached XP level 4. HP: 40/40 MP: 3/3
  1778 | D:2      | You fall into a shaft and drop 2 floors!
  1872 | D:4      | Reached XP level 5. HP: 46/46 MP: 4/4
  1934 | D:4      | HP: 2/46 [something (1)]
  1936 | D:4      | Reached skill level 4 in Fighting
  2046 | D:5      | Entered Level 5 of the Dungeon
  2071 | D:5      | Noticed an ogre
  2308 | D:5      | Noticed an ice beast
  2391 | D:5      | Noticed an ice beast
  2402 | D:4      | HP: 2/46 [gnoll (1)]
  2425 | D:4      | Slain by an ice beast

Illustrated notes

Levels and vault maps discovered:
D:1:      psy_arrival_statuary, layout_loops_ring, serial_shops, shop
D:2:      layout_basic, basic_altar, nicolae_ecumenical_lake_church
D:4:      layout_basic, marbit_many_paths
D:5:      layout_basic, bh_walls_and_bars

Skill      XL: |  1  2  3  4  5 |
---------------+----------------+-----
Polearms       | 2 3 |  3.1
Shields        | 3 |  3.2
Armour         | 3 |  3.2
Dodging        | 1 |  1.4
Fighting       | 4 |  4.0

Action                   |  1- 3 |  4- 6 || total
-------------------------+-------+-------++-------
Melee: Trident           |   138 |    88 ||   226
       Morningstar       |       |    23 ||    23
  Use: Scroll            |       |     4 ||     4
       Potion            |       |     2 ||     2
Armor: Scale mail        |    61 |    77 ||   138
Dodge: Dodged            |    54 |    45 ||    99
Block: Buckler           |    23 |    25 ||    48

Table legend: (Time is in decaauts)
 A = Elapsed time spent in this place.
 B = Non-inter-level travel time spent in this place.
 C = Inter-level travel time spent in this place.
 D = Time resting spent in this place.
 E = Time spent auto-exploring this place.
 F = Levels seen in this place.
 G = Mean time per level.
                   A        B        C        D        E       F      G
               +--------+--------+--------+--------+--------+-----+--------+
         Total |   2485 |   2474 |     11 |    260 |   1537 |   4 |  621.2 |
       Dungeon |   2485 |   2474 |     11 |    260 |   1537 |   4 |  621.2 |
               +--------+--------+--------+--------+--------+-----+--------+

Top non-repeatable levels by time:
     D:1: 1414 daAuts
     D:2: 406 daAuts
     D:5: 352 daAuts
     D:4: 313 daAuts
